Map: Temple gelé

Players

zidar

  • Race: Zerg Zerg
  • League: Platinum
  • Spawn Location: 11:00

derVal - Winner!

  • Race: Zerg Zerg
  • League: Gold
  • Spawn Location: 5:00

VOD

Have the link to the VOD?

Description

Time

  • Played on: Oct. 11, 2016, 2:57 p.m.
  • Length: 6:59
Show
View Real Time Build Order
Export as new Build Order

zidar Zerg 

Build Orders: Pool First 

Get SALT Encoding   

  12  0:01  Drone  
  13  0:12  Drone  
  14  0:27  Spawning Pool  
  13  0:30  Drone  
  14  0:37  Overlord  
  14  0:44  Extractor, Drone  
  15  0:55  Drone x2  
  17  1:04  Overlord  
  17  1:15  Extractor  
  17  1:18  Zergling x2  
  17  1:21  Queen  
  19  1:28  Zergling x2  
  20  1:35  Zergling x2  
  21  1:46  Zergling x2  
  22  1:56  Zergling x2  
  23  2:13  Zergling x2  
  23  2:15  Metabolic Boost  
  24  2:24  Zergling x2  
  25  2:30  Hatchery, Zergling x2  
  25  2:31  Zergling x4  
  27  2:47  Zergling x4  
  29  3:12  Zergling x2  
  30  3:15  Overlord  
  30  3:31  Overlord x2  
  20  3:57  Zergling x6  
  20  4:01  Queen  
  25  4:08  Baneling Nest  
  23  4:15  Zergling x6  
  26  4:20  Zergling x2  
  26  4:21  Zergling x4  
  20  4:50  Zergling x12  
  25  5:14  Zergling x8  
  25  5:19  Baneling x2  
  25  5:20  Baneling x2  
  26  5:23  Drone  
  26  5:26  Zergling x10  
  32  5:42  Baneling x2  
  32  5:50  Zergling x2  
  32  5:51  Zergling x6  
  29  6:25  Baneling x2  
  28  6:26  Baneling  
Show
View Real Time Build Order
Export as new Build Order

derVal Zerg - Winner!

Build Orders: Hatch First 

Get SALT Encoding   

  12  0:03  Drone  
  13  0:13  Overlord  
  13  0:17  Drone  
  14  0:31  Drone  
  14  0:32  Drone  
  17  0:35  Drone  
  17  0:46  Drone  
  18  0:55  Hatchery  
  17  1:01  Drone  
  18  1:14  Spawning Pool  
  18  1:17  Extractor, Drone  
  17  1:21  Drone  
  18  1:30  Drone  
  20  1:40  Drone  
  20  1:51  Overlord  
  20  2:01  Queen  
  20  2:07  Zergling x2  
  23  2:13  Zergling x4  
  25  2:15  Queen  
  25  2:16  Spine Crawler  
  25  2:17  Metabolic Boost  
  25  2:21  Drone  
  27  2:36  Drone x2  
  29  2:37  Drone  
  29  2:42  Drone  
  31  2:49  Queen  
  33  2:53  Drone  
  33  2:54  Drone  
  33  2:56  Drone  
  36  3:07  Overlord  
  36  3:24  Overlord  
  36  3:25  Zergling x2  
  36  3:26  Zergling x4  
  36  3:27  Zergling x4  
  37  3:51  Zergling x2  
  37  3:52  Zergling x8  
  41  3:59  Baneling Nest  
  41  4:00  Drone x3  
  43  4:10  Zergling x4  
  44  4:23  Drone x2  
  46  4:31  Lair, Extractor  
  45  4:43  Zergling x8  
  44  4:49  Zergling x4  
  44  4:55  Baneling x4  
  44  5:03  Roach Warren  
  41  5:18  Zergling x10  
  41  5:19  Zergling x4  
  48  5:26  Extractor  
  47  5:44  Evolution Chamber  
  47  5:45  Zergling x10  
  47  5:47  Evolution Chamber  
  50  5:52  Overlord x2, Drone  
  50  5:56  Baneling x2  
  41  6:26  Baneling x3  
  41  6:39  Drone x4  
  46  6:40  Drone x5  
Tags
 
Add a new tag
Caveats
  • Supply blocks, unpowered buildings, or Contaminate may cause inaccurate times.
  • Supply counts are checked every 10 seconds.